Map: Nightscape LE

Players

TutuYapa

  • Race: Protoss Protoss

GSilverstein

  • Race: Zerg Zerg

Throwfordays - Winner!

  • Race: Protoss Protoss
  • League: Silver

Faust - Winner!

  • Race: Zerg Zerg

VOD

Have the link to the VOD?

Description

Time

  • Played on: Aug. 25, 2021, 11:13 p.m.
  • Length: 14:43
Show
View Real Time Build Order
Export as new Build Order

TutuYapa Protoss 

Build Orders:  

Get SALT Encoding   

  12  0:00  Probe  
  13  0:12  Probe  
  14  0:27  Pylon  
  14  0:29  Probe  
  15  0:45  Probe  
  16  0:51  Gateway  
  16  0:55  Forge  
  16  0:58  Probe  
  16  1:01  Assimilator  
  17  1:15  Assimilator  
  17  1:19  Probe  
  18  1:31  Probe  
  19  1:43  Probe  
  19  1:45  Photon Cannon  
  20  1:52  Cybernetics Core  
  20  1:57  Pylon  
  20  2:08  Photon Cannon  
  20  2:12  Pylon  
  20  2:14  Probe  
  21  2:28  Stalker  
  23  2:44  Shield Battery  
  23  2:52  Gateway  
  22  3:01  Shield Battery  
  22  3:06  Probe  
  22  3:12  Twilight Council  
  23  3:18  Probe  
  24  3:30  Probe  
  25  3:39  Nexus  
  25  3:46  Pylon  
  25  3:51  Probe (Chrono Boost)  
  26  3:58  Warp Gate (Chrono Boost)  
  26  4:02  Probe (Chrono Boost)  
  27  4:04  Stalker  
  27  4:06  Probe (Chrono Boost)  
  30  4:12  Stalker  
  32  4:18  Pylon  
  32  4:40  Stalker  
  34  4:49  Shield Battery  
  34  4:52  Shield Battery  
  34  4:54  Photon Cannon  
  34  4:59  Stalker  
  36  5:00  Blink (Chrono Boost)  
  36  5:05  Probe  
  37  5:18  Stalker  
  39  5:29  Photon Cannon  
  39  5:34  Photon Cannon  
  39  5:42  Shield Battery  
  39  5:47  Photon Cannon  
  39  5:51  Pylon  
  39  5:53  Probe  
  40  6:00  Stalker  
  40  6:01  Protoss Ground Weapons Level 1 (Chrono Boost)  
  42  6:10  Stalker  
  44  6:26  Stalker  
  44  6:32  Probe x2  
  48  6:35  Pylon  
  48  6:37  Pylon  
  48  6:49  Robotics Facility  
  48  6:52  Robotics Facility  
  48  6:58  Stalker x2  
  52  7:04  Probe x2 (Chrono Boost)  
  56  7:16  Probe x2 (Chrono Boost)  
  56  7:20  Probe x2 (Chrono Boost)  
  58  7:39  Pylon  
  58  7:42  Robotics Bay  
  58  7:46  Gateway  
  58  7:47  Observer x2  
  58  7:48  Gateway  
  58  7:50  Pylon  
  60  7:56  Pylon  
  60  7:59  Stalker  
  60  8:00  Stalker  
  64  8:09  Photon Cannon  
  64  8:10  Photon Cannon  
  64  8:15  Photon Cannon  
  64  8:16  Shield Battery  
  64  8:42  Nexus  
  64  8:44  Pylon  
  64  8:46  Pylon  
  64  8:49  Assimilator  
  64  8:53  Assimilator  
  62  9:00  Stalker x4  
  70  9:16  Pylon  
  70  9:19  Probe  
  70  9:20  Photon Cannon, Probe  
  70  9:23  Photon Cannon  
  72  9:27  Assimilator  
  72  9:29  Assimilator  
  72  9:39  Photon Cannon  
  72  9:43  Photon Cannon  
  72  9:54  Colossus  
  78  10:05  Colossus  
  84  10:16  Probe x2  
  66  10:28  Shield Battery, Probe x2  
  66  10:32  Shield Battery  
  66  10:33  Stalker  
  57  10:38  Stalker  
  58  10:46  Probe x2  
  58  10:52  Stalker  
  60  10:58  Probe  
  60  11:00  Stalker  
  58  11:15  Stalker x2  
  58  11:16  Stalker  
  42  11:30  Cybernetics Core  
  32  11:40  Stalker x2  
  33  12:03  Stalker  
  33  12:04  Stalker  
  37  12:27  Stalker x2  
  27  12:53  Stalker x2  
Show
View Real Time Build Order
Export as new Build Order

GSilverstein Zerg 

Build Orders: Hatch First, Swarm Host 

Get SALT Encoding   

  12  0:01  Drone  
  13  0:10  Drone  
  14  0:27  Extractor  
  14  0:28  Extractor, Drone x2  
  16  0:48  Hatchery  
  15  0:59  Overlord x2  
  15  1:10  Extractor  
  15  1:11  Extractor, Drone  
  16  1:18  Overlord  
  16  1:26  Spawning Pool  
  16  1:32  Drone x2  
  17  1:51  Drone  
  18  2:00  Extractor, Drone  
  18  2:05  Drone x2  
  20  2:11  Drone  
  21  2:17  Queen, Extractor  
  22  2:24  Drone  
  23  2:30  Queen  
  25  2:42  Drone x2  
  25  2:43  Drone x2  
  29  2:49  Drone  
  29  2:50  Drone  
  31  2:59  Drone x2  
  33  3:05  Queen  
  33  3:10  Drone x2  
  33  3:12  Lair  
  37  3:17  Drone  
  38  3:39  Drone x4  
  38  3:40  Drone x2  
  44  3:54  Overlord x3  
  44  4:06  Extractor  
  44  4:08  Queen, Extractor  
  44  4:16  Infestation Pit  
  43  4:21  Nydus Network  
  43  4:24  Drone, Nydus Network  
  41  4:25  Drone x4  
  41  4:26  Drone  
  41  4:27  Drone x2  
  49  4:36  Queen  
  47  5:00  Drone x5  
  47  5:05  Overlord x4  
  52  5:13  Pneumatized Carapace  
  52  5:14  Burrow  
  52  5:24  Swarm Host x3  
  82  5:58  Swarm Host  
  82  5:59  Swarm Host  
  97  6:10  Nydus Canal x2  
  100  7:01  Nydus Canal  
  100  7:02  Nydus Canal  
  100  7:06  Overlord x6  
  100  7:07  Overlord x2  
  100  7:13  Spore Crawler  
  100  7:14  Spore Crawler x2  
  97  7:52  Nydus Canal  
  97  7:53  Nydus Canal  
  97  7:55  Swarm Host  
  127  8:47  Nydus Canal x2  
  123  9:03  Nydus Canal  
  123  9:04  Nydus Canal  
  123  9:11  Spore Crawler x2  
  123  9:12  Spore Crawler  
  123  9:13  Spore Crawler  
  123  9:17  Queen  
  133  10:09  Spire  
  132  10:16  Nydus Canal x2  
  132  10:37  Hatchery  
  131  11:27  Corruptor  
  131  11:28  Corruptor x3  
  131  11:31  Overlord x2  
  131  11:32  Overlord x2  
  139  11:39  Spore Crawler x3  
  136  11:47  Nydus Canal  
  136  11:48  Nydus Canal  
  130  12:36  Corruptor  
  130  12:37  Corruptor x8  
  126  12:38  Corruptor x5  
  133  12:46  Corruptor  
  133  12:57  Corruptor  
  130  13:33  Spine Crawler  
  121  13:34  Spine Crawler  
  121  13:36  Spore Crawler  
  121  13:37  Spore Crawler x2, Spine Crawler  
  121  13:38  Spine Crawler x2  
  121  13:39  Spore Crawler  
  121  13:40  Spore Crawler x2  
  106  13:45  Spore Crawler  
  105  13:51  Corruptor x6  
Show
View Real Time Build Order
Export as new Build Order

Throwfordays Protoss - Winner!

Build Orders: 1 Gate Expand 

Get SALT Encoding   

  12  0:01  Probe  
  13  0:13  Probe  
  14  0:19  Pylon  
  14  0:26  Probe  
  15  0:38  Probe  
  16  0:50  Probe  
  16  0:51  Gateway  
  17  1:02  Probe  
  18  1:16  Probe  
  19  1:24  Assimilator  
  19  1:31  Nexus  
  19  1:53  Cybernetics Core, Zealot  
  21  2:05  Probe  
  21  2:08  Assimilator  
  22  2:12  Gateway  
  22  2:17  Probe  
  23  2:40  Pylon  
  23  2:42  Adept  
  25  2:44  Shield Battery  
  25  2:48  Pylon  
  25  2:58  Probe  
  25  3:00  Adept  
  28  3:09  Probe  
  28  3:10  Probe  
  30  3:14  Warp Gate (Chrono Boost)  
  30  3:21  Probe  
  30  3:23  Probe  
  30  3:25  Assimilator  
  32  3:29  Assimilator  
  32  3:33  Probe  
  33  3:35  Probe  
  34  3:47  Probe  
  35  3:57  Zealot  
  35  3:58  Adept  
  35  3:59  Probe  
  40  4:04  Probe  
  40  4:05  Stargate  
  40  4:08  Forge  
  41  4:11  Probe  
  41  4:16  Probe  
  43  4:24  Probe  
  44  4:28  Probe  
  43  4:54  Void Ray (Chrono Boost)  
  41  5:00  Stargate  
  41  5:05  Probe  
  41  5:06  Protoss Air Weapons Level 1  
  46  5:09  Probe  
  47  5:17  Probe  
  48  5:21  Probe  
  49  5:30  Probe  
  49  5:33  Probe  
  51  5:36  Protoss Shields Level 1  
  51  5:39  Pylon  
  51  5:41  Pylon  
  51  5:42  Probe  
  52  5:45  Probe  
  52  5:49  Void Ray x2 (Chrono Boost)  
  53  5:54  Probe  
  54  5:59  Probe  
  54  6:03  Pylon  
  63  6:39  Void Ray x2  
  71  7:20  Protoss Air Armor Level 1  
  71  7:27  Void Ray  
  71  7:36  Pylon  
  75  7:38  Pylon  
  75  7:39  Pylon  
  75  7:48  Void Ray  
  79  8:11  Void Ray  
  83  8:26  Void Ray  
  87  8:49  Void Ray  
  91  9:08  Void Ray  
  95  9:19  Stargate x2  
  95  9:32  Fleet Beacon  
  95  10:04  Void Ray  
  99  10:22  Void Ray  
  99  10:23  Void Ray  
  99  10:59  Pylon  
  99  11:00  Flux Vanes  
  99  11:02  Pylon  
  99  11:03  Pylon  
  99  11:06  Pylon  
  99  11:11  Void Ray x2  
  99  11:14  Void Ray x2  
  107  11:20  Protoss Air Weapons Level 2  
  115  11:49  Void Ray  
  115  11:51  Void Ray  
  115  11:56  Void Ray x2  
  127  13:08  Void Ray  
  131  14:35  Pylon  
  131  14:36  Pylon  
  123  14:42  Pylon  
Show
View Real Time Build Order
Export as new Build Order

Faust Zerg - Winner!

Build Orders: Hatch First, Lurkers 

Get SALT Encoding   

  12  0:00  Drone  
  13  0:08  Drone  
  14  0:18  Extractor, Drone  
  15  0:22  Overlord  
  15  0:41  Drone x2  
  17  1:00  Drone  
  17  1:01  Hatchery  
  17  1:03  Drone  
  18  1:09  Drone  
  19  1:21  Spawning Pool  
  18  1:29  Extractor  
  17  1:40  Drone  
  18  1:49  Drone x2  
  20  2:08  Drone  
  20  2:09  Drone  
  22  2:16  Queen, Drone  
  22  2:17  Queen  
  22  2:18  Overlord  
  27  2:27  Drone  
  28  2:34  Metabolic Boost  
  28  2:40  Drone x3  
  31  2:52  Drone x2  
  31  2:58  Hatchery  
  32  3:12  Drone x2  
  34  3:21  Extractor  
  34  3:22  Lair  
  34  3:24  Drone x3  
  36  3:27  Extractor x2  
  34  3:35  Drone x2  
  34  3:37  Overlord  
  34  3:38  Overlord  
  36  3:59  Drone x2  
  36  4:01  Drone x3  
  36  4:02  Drone x3  
  44  4:03  Overlord  
  44  4:04  Drone, Overlord  
  44  4:05  Drone  
  46  4:12  Queen  
  46  4:13  Overlord  
  48  4:19  Drone x2  
  48  4:22  Evolution Chamber  
  48  4:24  Drone x2, Evolution Chamber  
  48  4:25  Drone  
  51  4:33  Queen x2  
  55  4:39  Drone x3  
  58  5:01  Hydralisk Den  
  58  5:02  Infestation Pit  
  58  5:04  Drone  
  58  5:06  Zerg Ground Armor Level 1, Zerg Missile Weapons Level 1  
  57  5:07  Drone  
  57  5:09  Drone x7  
  65  5:15  Drone  
  65  5:17  Drone  
  65  5:18  Drone x4  
  71  5:34  Grooved Spines  
  71  5:36  Lurker Den  
  71  5:39  Hive  
  71  5:40  Drone x3, Overlord x2  
  73  5:43  Drone x2  
  73  5:46  Extractor  
  73  5:47  Extractor  
  73  5:54  Hydralisk  
  73  5:55  Hydralisk  
  73  5:56  Hatchery  
  76  6:06  Spore Crawler  
  75  6:17  Drone x2  
  75  6:18  Drone x4  
  79  6:19  Overlord x2  
  79  6:20  Overlord  
  79  6:25  Overlord x2  
  81  6:27  Hydralisk  
  81  6:28  Hydralisk x3  
  89  6:44  Hydralisk  
  89  6:45  Hydralisk x7  
  105  6:52  Hydralisk Den  
  104  7:08  Drone x10  
  107  7:09  Queen  
  107  7:15  Overlord  
  106  7:37  Spine Crawler  
  106  7:39  Spine Crawler  
  96  8:11  Lurker Den  
  95  8:13  Zergling x20  
  95  8:14  Zergling x28  
  117  8:27  Lurker Den  
  117  8:30  Spire  
  117  8:34  Zerg Ground Armor Level 2, Zerg Missile Weapons Level 2  
  104  8:48  Drone  
  104  8:49  Drone x12  
  104  8:51  Hatchery  
  116  9:17  Drone  
  116  9:18  Drone x5  
  122  9:48  Lurker  
  122  9:49  Lurker x8  
  122  9:50  Adaptive Talons  
  131  9:54  Hydralisk Den  
  130  10:07  Mutalisk x2  
  130  10:08  Mutalisk x4  
  142  10:17  Extractor, Drone  
  142  10:18  Extractor, Drone  
  142  10:29  Extractor  
  142  10:32  Extractor  
  139  10:47  Seismic Spines  
  111  11:27  Mutalisk x8  
  111  11:28  Mutalisk x5  
  137  11:56  Adrenal Glands  
  137  11:58  Zerg Melee Weapons Level 1  
  136  12:04  Evolution Chamber  
  135  12:10  Mutalisk x2  
  125  12:17  Mutalisk  
  119  12:32  Extractor  
  119  12:33  Hatchery  
  115  12:48  Drone  
  115  12:49  Drone x12  
  126  13:07  Lair  
  126  13:47  Drone x3  
  108  14:26  Spire x2  
  115  14:43  Hatchery  
Tags
 
Add a new tag
Caveats
  • Supply blocks, unpowered buildings, or Contaminate may cause inaccurate times.
  • Supply counts are checked every 10 seconds.